 Dungeon Crawl Stone Soup version 0.29-a0-598-gd8304a5bf4 (webtiles) character file.

Game seed: 4986793460107678963

385 valliere the Stinger (level 6, 0/35 HPs)
             Began as a Deep Elf Venom Mage on June 15, 2022.
             Was an Initiate of Sif Muna.
             Slain by an ogre
             ... wielding a +0 giant club
              (14 damage)
             ... on level 4 of the Dungeon.
             The game lasted 00:16:52 (5691 turns).

valliere the Stinger (Deep Elf Venom Mage)          Turns: 5691, Time: 00:16:53

Health: 0/35       AC:  3    Str:  5    XL:     6   Next: 48%
Magic:  14/15      EV: 12    Int: 22    God:    Sif Muna [......]
Gold:   243        SH:  0    Dex: 15    Spells: 9/14 levels left

rFire   . . .      SeeInvis .   w - +2 dagger (elec)
rCold   . . .      Faith    .   (no shield)
rNeg    . . .      Spirit   .   a - +0 robe
rPois   .          Reflect  .   (no helmet)
rElec   .          Harm     .   (no cloak)
rCorr   .          Rampage  .   (no gloves)
Will    .....                   z - +0 pair of boots
Stlth   +++.......              (no amulet)
HPRegen 0.11/turn               (no ring)
MPRegen 0.14/turn               (no ring)

@: about to teleport
A: no striking features
a: Renounce Religion


You were on level 4 of the Dungeon.
You worshipped Sif Muna.
Sif Muna was noncommittal.
You visited 2 branches of the dungeon, and saw 5 of its levels.

You collected 243 gold pieces.

Inventory:

Hand Weapons
 d - a +0 dagger
 w - a +2 dagger of electrocution (weapon)
Missiles
 l - 57 stones
Armour
 a - a +0 robe (worn)
 z - a +0 pair of boots (worn)
Jewellery
 h - an amulet of guardian spirit
 s - an amulet of regeneration
Wands
 r - a wand of polymorph (1)
Scrolls
 f - a scroll of magic mapping {unknown}
 i - a scroll of vulnerability {unknown}
 m - 5 scrolls of identify
 n - a scroll of poison {unknown}
 p - a scroll of fear {unknown}
 u - a scroll of enchant armour {unknown}
 v - a scroll of enchant weapon {unknown}
 x - a scroll of blinking {unknown}
 y - a scroll of fog {unknown}
Potions
 b - a potion of magic
 e - 3 potions of brilliance {unknown}
 g - a potion of ambrosia {unknown}
 j - a potion of mutation {unknown}
 k - a potion of berserk rage {unknown}
 o - a potion of curing {unknown}
 q - 2 potions of cancellation {unknown}
 t - a potion of heal wounds {unknown}
 A - a potion of invisibility {unknown}


   Skills:
 + Level 2.0 Fighting
 - Level 2.4 Dodging
 + Level 4.2 Stealth
 + Level 4.7 Spellcasting
 + Level 2.4 Conjurations
 - Level 1.1 Transmutations
 * Level 5.4 Poison Magic


You had 9 spell levels left.
You knew the following spells:

 Your Spells              Type           Power      Damage    Failure   Level
a - Sting                 Tmut/Pois      76%        1d6       2%          1
b - Magic Dart            Conj           60%        1d6       3%          1
c - Mephitic Cloud        Conj/Pois/Air  16%        N/A       11%         3

Your spell library contained the following spells:

 Spells                   Type           Power      Damage    Failure   Level
 Poisonous Vapours        Pois/Air       34%        N/A       5%          2
 Searing Ray              Conj           30%        2d5       6%          2
 Olgreb's Toxic Radiance  Pois           28%        N/A       11%         4
 Fulminant Prism          Conj/Hex       5%         3d7       54%         4


Dungeon Overview and Level Annotations

Branches:
Dungeon (4/15)             Temple (1/1) D:4

Altars:
Elyvilon
Gozag
Makhleb
Nemelex Xobeh
Okawaru
Qazlal
Ru
Sif Muna
Trog
Wu Jian

Annotations:
D:2 1 runed translucent door, Crazy Yiuf


Message History

There is a stone staircase leading down here.
There's nothing to open nearby.
Press: ? - help, . - travel You can't see that place. [a stone staircase leading up.]
You climb downwards.
The ogre closely misses you.
There is a stone staircase leading up here.
The ogre closely misses you.
You start removing your amulet.
You continue taking off your amulet of regeneration. x2
The ogre barely misses you.
You continue taking off your amulet of regeneration.
The ogre hits you with a +0 giant club!
You continue taking off your amulet of regeneration.
You finish taking off your amulet of regeneration.
You aren't wearing any rings or amulets.
Okay, then.
Okay, then.
Casting: Sting (safe; 2% risk of failure)
Confirm with . or Enter, or press ? or * to list all spells.
Aiming: Sting (safe; 2% risk of failure)
Press: ? - help, Shift-Dir - straight line, f - ogre
Aim: an ogre, wielding a +0 giant club (88% to hit)
The sting hits the ogre.
The ogre is poisoned.
The ogre is lightly wounded.
The ogre barely misses you.
Casting: Sting (safe; 2% risk of failure)
Confirm with . or Enter, or press ? or * to list all spells.
Aiming: Sting (safe; 2% risk of failure)
Press: ? - help, Shift-Dir - straight line, f/p - ogre
Aim: an ogre, wielding a +0 giant club (lightly wounded, poisoned, 88% to hit)
The sting hits the ogre.
The ogre looks even sicker.
The ogre is lightly wounded.
The ogre hits you with a +0 giant club!
Okay, then.
As you read the scroll of teleportation, it crumbles to dust.
You feel strangely unstable. The gnoll misses you.
The gnoll closely misses you. The ogre attacks as you move away!
The ogre hits you with a +0 giant club!
You die...

#.........<†gg)...##
#..#############...#######
#..# #............†g.# ...#
#.#####...####..# #..# #.#
##.####...## P..# #.#
#.###.....## ...##### #.#
#.##.......#
P......###.######.###.....##
#..###......<..O@.####...##
#..# #.###.#####g..####.######
#..###^###.# #.#...........#
.........[.#####...####.####.#
######.###.......... ...# #.#
# #.# #.#####.######## #.# #
#.###.#####.# #######.####
######.....[.....#
#...........
.......###.#######
#.#####.###.


You could see an ogre (poisoned) and a gnoll.

Vanquished Creatures
  A phantom (D:4)
  A hound (D:4)
  An orc priest (D:3)
  An orc wizard (D:4)
  Terence (D:2)
  Robin (D:3)
  3 gnolls
  6 adders
  3 worms
  3 dart slugs
  5 orcs
  3 endoplasms
  2 giant cockroaches
  13 goblins
  12 hobgoblins
  6 jackals (D:4)
  4 quokkas (D:1)
  12 ball pythons
  5 bats
  4 frilled lizards
  5 kobolds
  8 rats
100 creatures vanquished.

Vanquished Creatures (others)
  3 fungi (D:2)
  3 plants
6 creatures vanquished.

Grand Total: 106 creatures vanquished

Notes
Turn   | Place    | Note
-------+----------+-------------------------------------------
     0 | D:1      | valliere the Deep Elf Venom Mage began the quest for the
                  | Orb.
     0 | D:1      | Reached XP level 1. HP: 10/10 MP: 6/6
   133 | D:1      | Reached XP level 2. HP: 16/16 MP: 1/8
   195 | D:1      | Found a faded altar of an unknown god.
   209 | D:1      | Learned a level 1 spell: Magic Dart
   875 | D:1      | Reached XP level 3. HP: 20/20 MP: 1/10
  1414 | D:2      | Reached skill level 1 in Fighting
  1414 | D:2      | Reached skill level 4 in Poison Magic
  1550 | D:2      | Reached skill level 1 in Conjurations
  1810 | D:2      | Reached XP level 4. HP: 14/25 MP: 4/11
  2056 | D:2      | Noticed Terence
  2063 | D:2      | Killed Terence
  2694 | D:2      | Found a runed translucent door.
  2695 | D:2      | Noticed Crazy Yiuf
  3409 | D:3      | Reached XP level 5. HP: 23/29 MP: 3/13
  3961 | D:3      | Noticed Robin
  4072 | D:3      | Killed Robin
  4686 | D:4      | Reached skill level 5 in Poison Magic
  4831 | D:4      | Found a white marble altar of Elyvilon.
  5009 | D:4      | Found a staircase to the Ecumenical Temple.
  5024 | Temple   | Entered the Ecumenical Temple
  5149 | Temple   | Became a worshipper of Sif Muna the Loreminder
  5166 | Temple   | Learned a level 3 spell: Mephitic Cloud
  5241 | D:4      | Noticed a phantom
  5254 | D:4      | Reached XP level 6. HP: 34/35 MP: 9/14
  5691 | D:4      | Slain by an ogre

Illustrated notes

Levels and vault maps discovered:
D:1:      nagdon_arrival_zigzag_paths, layout_basic,
          hellmonk_ecumenical_altar_pennies_from_heaven
D:2:      layout_basic, chequers_serial_rivers_marsh, minivault_11,
          minmay_crystal_water, hex_large, uniq_terence, uniq_crazy_yiuf_cottage
D:3:      wad_lake_hut, layout_loops_ring, kennysheep_potato, uniq_robin
D:4:      layout_loops_ring, zin_angel, kennysheep_mini_moat,
          minmay_temple_entry_gardened_gates
Temple:   nicolae_temple_figure_zero

Skill      XL: |  1  2  3  4  5  6 |
---------------+-------------------+-----
Stealth        | 3 4 |  4.2
Fighting       | 1 2 |  2.0
Poison Magic   | 4 5 |  5.4
Conjurations   | 1 2 |  2.4
Spellcasting   | 4 |  4.7
Dodging        | |  2.4
Transmutations | |  1.1

Action                   |  1- 3 |  4- 6 || total
-------------------------+-------+-------++-------
Melee: Dagger            |     6 |    21 ||    27
 Cast: Sting             |    60 |   140 ||   200
       Magic Dart        |    32 |    39 ||    71
  Use: Scroll            |       |     2 ||     2
Armor: Robe              |     6 |    13 ||    19
Dodge: Dodged            |    14 |    64 ||    78

Table legend: (Time is in decaauts)
 A = Elapsed time spent in this place.
 B = Non-inter-level travel time spent in this place.
 C = Inter-level travel time spent in this place.
 D = Time resting spent in this place.
 E = Time spent auto-exploring this place.
 F = Levels seen in this place.
 G = Mean time per level.
                   A        B        C        D        E       F      G
               +--------+--------+--------+--------+--------+-----+--------+
         Total |   5739 |   5575 |    164 |     61 |   4762 |   5 | 1147.8 |
       Dungeon |   5596 |   5444 |    152 |     61 |   4650 |   4 | 1399.0 |
        Temple |    142 |    130 |     12 |      0 |    112 |   1 |  142.0 |
               +--------+--------+--------+--------+--------+-----+--------+

Top non-repeatable levels by time:
     D:2: 1832 daAuts
     D:3: 1538 daAuts
     D:1: 1349 daAuts
     D:4: 876 daAuts
  Temple: 142 daAuts
